 Dungeon Crawl Stone Soup version 0.30.1-4-g462c640d31 (webtiles) character file.

Game seed: 10780996514397848837

49378 robotcentaur the Carver (level 14, -6/111 HPs)
             Began as a Gnoll Reaver on Aug 17, 2023.
             Was an Initiate of Gozag.
             Mangled by a freezing wraith (8 damage)
             ... led by a death knight
             ... on level 12 of the Dungeon.
             The game lasted 02:06:04 (21685 turns).

robotcentaur the Carver (Gnoll Reaver)             Turns: 21685, Time: 02:06:06

Health: -6/111     AC: 21    Str: 15    XL:     14   Next: 50%
Magic:  28/28      EV: 16    Int: 12    God:    Gozag
Gold:   2431       SH:  8    Dex: 17    Spells: 13/34 levels left

rFire   . . .        f - +3 double sword
rCold   + . .        A - +1 buckler {rC+}
rNeg    . . .        w - +0 swamp dragon scales
rPois   +            c - +2 helmet
rElec   .            b - scarf of Autumn {repulsion, Dex+4}
rCorr   .            (no gloves)
SInv    .            (no boots)
Will    +....        (no amulet)
Stlth   ++++         d - +4 ring of protection
HPRegen 0.38/turn    x - +4 ring of protection
MPRegen 0.21/turn

%: repel missiles
@: gold aura, on berserk cooldown, hasted and slowed
A: fangs 1, strong nose, distributed training
a: Renounce Religion, Potion Petition, Call Merchant, Bribe Branch


You were on level 12 of the Dungeon.
You worshipped Gozag.
Gozag was most pleased with you.
You visited 5 branches of the dungeon, and saw 21 of its levels.

You collected 5127 gold pieces.
You spent 1411 gold pieces at shops.
You paid 1285 gold pieces to Gozag.

Inventory:

Hand Weapons
 a - a +1 vampiric morningstar
 f - a +3 double sword (weapon)
 y - a +3 broad axe
Armour
 b - the scarf of Autumn (worn) {repulsion, Dex+4}
   (You found it on level 7 of the Dungeon)

   Dex:       It affects your dexterity (+4).
 c - a +2 helmet (worn)
 g - a +2 cloak
 r - a +2 chain mail of fire resistance
 w - +0 swamp dragon scales (worn)
 A - a +1 buckler of cold resistance (worn)
 F - the scarf of Brilliance {repulsion, -Tele Int+6}
   (You bought it in a shop on level 2 of the Orcish Mines)

   Int:       It affects your intelligence (+6).
   -Tele:     It prevents most forms of teleportation.
Jewellery
 d - a +4 ring of protection (left hand)
 l - a ring of flight
 t - a ring of protection from cold
 x - a +4 ring of protection (right hand)
 K - a ring of protection from fire
Wands
 n - a wand of roots (12)
 u - a wand of flame (10)
 D - a wand of charming (1)
Scrolls
 j - a scroll of magic mapping
 o - 2 scrolls of enchant armour
 s - 4 scrolls of identify
 v - 2 scrolls of amnesia
 z - 3 scrolls of fog (quivered)
 G - 2 scrolls of poison
Potions
 e - a potion of resistance
 h - a potion of magic
 k - 2 potions of brilliance
 m - a potion of cancellation
 p - 5 potions of curing
 E - a potion of might
Miscellaneous
 q - a box of beasts


   Skills:
 + Level 10.7 Fighting
 + Level 9.6 Short Blades
 + Level 11.6 Long Blades
 + Level 9.6 Axes
 + Level 9.6 Maces & Flails
 + Level 9.6 Polearms
 + Level 9.6 Staves
 + Level 9.6 Ranged Weapons
 + Level 9.6 Throwing
 + Level 9.6 Armour
 + Level 10.7 Dodging
 + Level 9.6 Stealth
 + Level 9.6 Shields
 + Level 9.6 Unarmed Combat
 + Level 10.8 Spellcasting
 + Level 9.8 Conjurations
 + Level 8.0 Hexes
 + Level 8.0 Summonings
 + Level 8.0 Necromancy
 + Level 8.0 Translocations
 + Level 8.0 Transmutations
 + Level 8.0 Fire Magic
 + Level 8.0 Ice Magic
 + Level 8.0 Air Magic
 + Level 8.0 Earth Magic
 + Level 8.0 Poison Magic
 + Level 10.5 Invocations
 + Level 9.6 Evocations


You had 13 spell levels left.
You knew the following spells:

 Your Spells              Type           Power      Damage    Failure   Level
a - Momentum Strike       Conj/Tloc      54%        3d9       1%          2
b - Summon Lightning Spi  Summ/Air       25%        N/A       9%          4
c - Call Imp              Summ           50%        N/A       1%          2
d - Mephitic Cloud        Conj/Pois/Air  27%        N/A       1%          3
e - Fireball              Conj/Fire      13%        3d7       17%         5
f - Summon Forest         Summ/Tloc      12%        N/A       24%         5

Your spell library contained the following spells:

 Spells                   Type           Power      Damage    Failure   Level
 Apportation              Tloc           50%        N/A       1%          1
 Kiss of Death            Conj/Necr      100%       2d13      1%          1
 Magic Dart               Conj           100%       1d8       1%          1
 Necrotise                Necr           100%       1d9       1%          1
 Summon Small Mammal      Summ           100%       N/A       1%          1
 Cigotuvi's Dreadful Rot  Necr/Pois/Air  50%        N/A       1%          2
 Static Discharge         Conj/Air       54%        2-5/arc   1%          2
 Sublimation of Blood     Necr           25%        N/A       1%          2
 Hailstorm                Conj/Ice       27%        3d7       1%          3
 Call Canine Familiar     Summ           25%        N/A       2%          3
 Summon Guardian Golem    Hex/Summ       25%        N/A       2%          3
 Vampiric Draining        Necr           25%        2d7       2%          3
 Vhi's Electric Charge    Tloc/Air       50%        N/A       2%          3
 Airstrike                Air            12%        2d(2-18)  9%          4
 Dispel Undead            Necr           25%        3d12      9%          4
 Olgreb's Toxic Radiance  Pois           25%        N/A       9%          4
 Petrify                  Tmut/Erth      25%        N/A       9%          4
 Iskenderun's Battlesphe  Conj           30%        2d8       12%         5
 Arcjolt                  Conj/Air       13%        1d23      17%         5
 Irradiate                Conj/Tmut      13%        3d16      17%         5
 Agony                    Necr           25%        N/A       24%         5
 Alistair's Intoxication  Tmut/Pois      16%        N/A       24%         5
 Metabolic Englaciation   Hex/Ice        12%        N/A       24%         5
 Conjure Ball Lightning   Conj/Air       13%        3x3d6     67%         6
 Death Channel            Necr           12%        N/A       78%         6
 Eringya's Noxious Bog    Tmut/Pois      12%        N/A       78%         6
 Statue Form              Tmut/Erth      16%        N/A       78%         6
 Orb of Destruction       Conj           15%        9d7       98%         7
 Maxwell's Capacitive Co  Air            12%        ∞         100%        8


Dungeon Overview and Level Annotations

Branches:
Dungeon (12/15)            Temple (1/1) D:5            Lair (5/5) D:10
 Shoals (0/4) Lair:3       Spider (0/4) Lair:2        Slime (0/5) Lair:4
    Orc (2/2) D:11            Elf (1/3) Orc:2

Altars:
Ashenzari
Cheibriados
Dithmenos
Elyvilon
Fedhas
Gozag
Hepliaklqana
Kikubaaqudgha
Makhleb
Nemelex Xobeh
Okawaru
Qazlal
Ru
Sif Muna
Trog
Uskayaw
Vehumet
Wu Jian
Xom
Yredelemnul
Zin
The Shining One

Shops:
D:2 (   D:8 [   D:10 =   D:12 =   Orc:2 *[(

Annotations:
D:10 exclusion: ice statue
Lair:3 3 runed translucent doors, Fiunamek's ghost, journeyman HOFi; rozman's ghost, journeyman GnHW
Lair:4 exclusion: oklob plant


Innate Abilities, Weirdness & Mutations

You have very sharp teeth.
Your uncanny sense of smell can sniff out nearby items.
Your experience applies equally to all skills.


Message History

The freezing wraith barely misses you. The freezing wraith closely misses you.
You hit the skeletal warrior but do no damage.
The skeletal warrior is severely damaged.
The skeletal warrior misses you.
You block the freezing wraith's attack. x2
You closely miss the skeletal warrior.
The skeletal warrior is severely damaged.
You block the skeletal warrior's attack.
The freezing wraith hits you but does no damage. x2
You slice the skeletal warrior!!
The skeletal warrior is almost destroyed.
You slice the skeletal warrior!!
You destroy the skeletal warrior!
The freezing wraith hits you! The freezing wraith freezes you! You resist.
The freezing wraith completely misses you.
You hit the yak.
The yak is lightly wounded.
The freezing wraith hits you but does no damage.
The freezing wraith misses you. The yak misses you.
You barely miss the yak.
The yak is lightly wounded.
You block the yak's attack.
The freezing wraith hits you but does no damage. x2
You slash the yak! Your bite misses the yak.
The yak is heavily wounded.
The freezing wraith hits you.
* * * LOW HITPOINT WARNING * * *
The freezing wraith freezes you! You resist.
* * * LOW HITPOINT WARNING * * *
The freezing wraith barely misses you.
The yak snorts and paws the ground.
The yak gores you but does no damage.
You slash the yak!
The yak is almost dead.
The yak misses you. The freezing wraith hits you!
* * * LOW HITPOINT WARNING * * *
The freezing wraith freezes you! You resist.
* * * LOW HITPOINT WARNING * * *
The freezing wraith hits you!
You die...
Your body crumbles into a pile of gold.

# ####.## ##
#.....W###.#
#@#.# #.
##Y$## ...
##$..#....
#........#
##<#.#.♣.#
#..## .#
...........♣
♣
###........#
#....)...#


You could see a freezing wraith and a yak.

Vanquished Creatures
  Fannar (Lair:2)
  A death knight (D:12)
  A boulder beetle (Lair:2)
  A catoblepas (Lair:5)
  A centaur warrior (D:10)
  A hydra (Lair:5)
  5 two-headed ogres
  Nergalle (Lair:2)
  3 orc high priests (Orc:2)
  Sonja (Orc:2)
  A skeletal warrior (D:12)
  2 skysharks
  3 orc knights
  2 manticores
  3 orc sorcerers (Orc:2)
  A cyclops (D:10)
  6 black mambas
  An unseen horror (D:9)
  13 cane toads
  2 rime drakes
  8 komodo dragons
  8 trolls
  2 hornets
  A polar bear (Lair:4)
  6 blink frogs
  A dream sheep (Lair:3)
  Sigmund (D:6)
  3 shadows (D:11)
  26 yaks
  3 wyverns
  3 basilisks
  2 nameless horrors (Orc:2)
  2 steam dragons
  A warg (Orc:2)
  12 water moccasins
  An acid dragon (D:8)
  24 orc warriors
  2 black bears
  A sky beast (D:7)
  9 ice beasts
  6 ogres
  23 wolves
  2 centaurs
  3 kobold brigands
  10 bullfrogs
  6 gnoll sergeants (D:11)
  4 scorpions
  5 wights
  17 killer bees
  2 electric eels (D:10)
  6 howler monkeys
  13 orc priests
  A jelly (D:5)
  2 gnoll boudas
  4 hounds
  3 iguanas
  2 sleepcaps
  25 orc wizards
  Natasha (thrice) (D:2)
  15 gnolls
  11 adders
  A shadow imp (D:7)
  2 ufetubi
  A dart slug (D:4)
  57 orcs
  7 bats
  4 endoplasms
  3 giant cockroaches
  9 goblins
  10 hobgoblins
  3 jackals (D:5)
  17 kobolds
  4 quokkas
  7 ball pythons
  4 frilled lizards
  3 rats
  A spectral orc (D:6)
462 creatures vanquished.

Vanquished Creatures (collateral kills)
  An orc warlord (Orc:2)
  A death yak (Lair:3)
  A boulder beetle (D:11)
  An orc high priest (Orc:2)
  Urug (Lair:2)
  An orc knight (Orc:2)
  An ugly thing (D:10)
  An orc sorcerer (Orc:2)
  2 water nymphs (Lair:3)
  A komodo dragon (Lair:2)
  2 blink frogs (Lair:5)
  A warg (Orc:2)
  7 orc warriors
  An ogre (D:11)
  2 killer bees (D:10)
  4 orc priests (Orc:2)
  6 orc wizards (Orc:2)
  14 orcs
48 creatures vanquished.

Vanquished Creatures (others)
  A troll (D:11)
  A gnoll sergeant (D:11)
  A killer bee (D:10)
3 creatures vanquished.

Grand Total: 513 creatures vanquished

Notes
Turn   | Place    | Note
-------+----------+-------------------------------------------
     0 | D:1      | robotcentaur the Gnoll Reaver began the quest for the Orb.
     0 | D:1      | Reached XP level 1. HP: 20/20 MP: 6/6
   128 | D:1      | Reached XP level 2. HP: 26/26 MP: 7/7
   660 | D:2      | Found a burning altar of Makhleb.
   738 | D:2      | Reached skill level 5 in Spellcasting
   738 | D:2      | Reached XP level 3. HP: 25/31 MP: 7/9
   772 | D:2      | Reached skill level 1 in Invocations
  1016 | D:2      | Noticed Natasha
  1021 | D:2      | Killed Natasha
  1022 | D:2      | Reached skill level 1 in Short Blades
  1022 | D:2      | Reached skill level 1 in Axes
  1022 | D:2      | Reached skill level 1 in Maces & Flails
  1022 | D:2      | Reached skill level 1 in Polearms
  1022 | D:2      | Reached skill level 1 in Staves
  1022 | D:2      | Reached skill level 1 in Ranged Weapons
  1022 | D:2      | Reached skill level 1 in Throwing
  1022 | D:2      | Reached skill level 1 in Armour
  1022 | D:2      | Reached skill level 1 in Stealth
  1022 | D:2      | Reached skill level 1 in Shields
  1022 | D:2      | Reached skill level 1 in Unarmed Combat
  1022 | D:2      | Reached skill level 1 in Evocations
  1022 | D:2      | Reached XP level 4. HP: 38/38 MP: 11/11
  1027 | D:2      | Noticed Natasha
  1035 | D:2      | Reached skill level 1 in Hexes
  1035 | D:2      | Reached skill level 1 in Summonings
  1035 | D:2      | Reached skill level 1 in Necromancy
  1035 | D:2      | Reached skill level 1 in Translocations
  1035 | D:2      | Reached skill level 1 in Transmutations
  1035 | D:2      | Reached skill level 1 in Fire Magic
  1035 | D:2      | Reached skill level 1 in Ice Magic
  1035 | D:2      | Reached skill level 1 in Air Magic
  1035 | D:2      | Reached skill level 1 in Earth Magic
  1035 | D:2      | Reached skill level 1 in Poison Magic
  1037 | D:2      | Killed Natasha
  1118 | D:2      | Noticed Natasha
  1125 | D:2      | Killed Natasha
  1126 | D:2      | Reached XP level 5. HP: 40/43 MP: 12/12
  1291 | D:2      | Found Iga Jaco's Weapon Shop.
  1505 | D:3      | Found a radiant altar of Vehumet.
  1727 | D:3      | Reached XP level 6. HP: 23/50 MP: 14/14
  1925 | D:3      | Reached skill level 5 in Fighting
  1925 | D:3      | Reached skill level 5 in Dodging
  1945 | D:3      | Found a bloodstained altar of Trog.
  2152 | D:3      | Learned a level 2 spell: Momentum Strike
  2306 | D:4      | Found a white marble altar of Elyvilon.
  3272 | D:5      | Entered Level 5 of the Dungeon
  3285 | D:5      | Reached skill level 7 in Long Blades
  3285 | D:5      | Reached XP level 7. HP: 52/56 MP: 15/15
  3378 | D:5      | Found an iron altar of Okawaru.
  3396 | D:5      | Found a sparkling altar of Nemelex Xobeh.
  3553 | D:5      | Found a staircase to the Ecumenical Temple.
  3569 | Temple   | Entered the Ecumenical Temple
  3582 | Temple   | Became a worshipper of Gozag Ym Sagoz the Greedy
  3720 | D:5      | Learned a level 4 spell: Summon Lightning Spire
  4185 | D:6      | Reached XP level 8. HP: 35/63 MP: 16/16
  4382 | D:6      | Noticed a yak
  4382 | D:6      | Noticed a yak
  4441 | D:6      | Found a hazy altar of Hepliaklqana.
  4467 | D:6      | Noticed a yak
  4470 | D:6      | Noticed a yak
  4476 | D:5      | Killed a yak
  4521 | D:6      | Noticed a yak
  4527 | D:5      | Killed a yak
  4539 | D:5      | Killed a yak
  4560 | D:6      | Noticed Sigmund
  4859 | D:2      | Bought a +1 vampiric morningstar for 247 gold pieces
  4940 | D:5      | Killed a yak
  5051 | D:5      | Reached XP level 9. HP: 57/69 MP: 18/18
  5475 | D:6      | Killed Sigmund
  5495 | D:6      | Found a broken altar of Ashenzari.
  5692 | D:7      | Identified the scarf of Autumn {repulsion, Dex+4}
  5728 | D:7      | Reached skill level 8 in Long Blades
  6051 | D:7      | Reached skill level 5 in Invocations
  7233 | D:8      | Found Ciroub's Antique Armour Shoppe.
  7239 | D:8      | Bought a shiny ring mail for 196 gold pieces
  7324 | D:8      | Reached skill level 5 in Short Blades
  7324 | D:8      | Reached skill level 5 in Axes
  7324 | D:8      | Reached skill level 5 in Maces & Flails
  7324 | D:8      | Reached skill level 5 in Polearms
  7324 | D:8      | Reached skill level 5 in Staves
  7324 | D:8      | Reached skill level 5 in Ranged Weapons
  7324 | D:8      | Reached skill level 5 in Throwing
  7324 | D:8      | Reached skill level 5 in Armour
  7324 | D:8      | Reached skill level 5 in Stealth
  7324 | D:8      | Reached skill level 5 in Shields
  7324 | D:8      | Reached skill level 5 in Unarmed Combat
  7324 | D:8      | Reached skill level 5 in Evocations
  7348 | D:8      | Reached XP level 10. HP: 66/77 MP: 20/20
  8121 | D:9      | Killed an unseen horror
  8504 | D:10     | Entered Level 10 of the Dungeon
  8668 | D:10     | Noticed a centaur warrior
  8682 | D:10     | Noticed a manticore
  8690 | D:10     | Noticed a brown ugly thing
  8693 | D:10     | Killed a centaur warrior
  8699 | D:10     | Found Taro's Jewellery Shop.
  8881 | D:9      | Reached skill level 9 in Long Blades
  8899 | D:10     | Reached skill level 5 in Hexes
  8899 | D:10     | Reached skill level 5 in Summonings
  8899 | D:10     | Reached skill level 5 in Necromancy
  8899 | D:10     | Reached skill level 5 in Translocations
  8899 | D:10     | Reached skill level 5 in Transmutations
  8899 | D:10     | Reached skill level 5 in Fire Magic
  8899 | D:10     | Reached skill level 5 in Ice Magic
  8899 | D:10     | Reached skill level 5 in Air Magic
  8899 | D:10     | Reached skill level 5 in Earth Magic
  8899 | D:10     | Reached skill level 5 in Poison Magic
  8899 | D:10     | Reached XP level 11. HP: 74/85 MP: 22/22
  9010 | D:10     | Killed a brown ugly thing
  9074 | D:10     | Paralysed by a hornet for 3 turns
  9542 | D:10     | Noticed a cyclops
  9547 | D:10     | Killed a cyclops
  9557 | D:10     | Killed a manticore
  9738 | D:10     | Noticed a two-headed ogre
  9753 | D:10     | Killed a two-headed ogre
  9952 | D:10     | Found a sacrificial altar of Ru.
 10365 | D:9      | Learned a level 2 spell: Call Imp
 10369 | D:9      | Learned a level 3 spell: Mephitic Cloud
 10684 | D:9      | Learned a level 5 spell: Fireball
 10861 | D:11     | Noticed a boulder beetle
 10875 | D:11     | Noticed a two-headed ogre
 10991 | D:11     | Noticed a two-headed ogre
 11002 | D:11     | Killed a two-headed ogre
 11246 | D:11     | Killed a boulder beetle
 11247 | D:11     | Reached XP level 12. HP: 84/94 MP: 24/24
 11259 | D:11     | Killed a two-headed ogre
 11387 | D:10     | Found a staircase to the Lair.
 11697 | D:11     | Found a staircase to the Orcish Mines.
 11785 | Orc:1    | Entered Level 1 of the Orcish Mines
 12216 | Orc:1    | Reached skill level 10 in Long Blades
 12653 | Orc:2    | Entered Level 2 of the Orcish Mines
 12906 | Orc:2    | Noticed Sonja
 12951 | Orc:2    | Killed Sonja
 13321 | Orc:2    | Found a staircase to the Elven Halls.
 13996 | Lair:1   | Entered Level 1 of the Lair of Beasts
 14643 | Lair:1   | Identified the +6 falchion of Yblano {spect, rN+ Will-
                  | Int+4}
 14937 | Lair:1   | Reached XP level 13. HP: 87/101 MP: 26/26
 15757 | Lair:2   | Found a hole to the Spider Nest.
 15915 | Lair:2   | Noticed Fannar
 15945 | Lair:2   | Killed Fannar
 16028 | Lair:2   | Noticed Nergalle
 16045 | Lair:2   | Killed Nergalle
 16097 | Lair:2   | Noticed Urug
 16131 | Lair:2   | Killed Urug
 16532 | Lair:3   | Reached skill level 10 in Spellcasting
 16556 | Lair:3   | Found a runed translucent gate.
 16557 | Lair:3   | Identified the +3 short sword "Bihynic" {venom, Int+3}
 16734 | Lair:3   | Got the Papyrus of Envenoming and Points
 16741 | Lair:3   | Learned a level 5 spell: Summon Forest
 17071 | Lair:3   | Found a runed translucent gate.
 17071 | Lair:3   | Found a runed translucent gate.
 17071 | Lair:3   | Noticed rozman's ghost (journeyman GnHW)
 17072 | Lair:3   | Noticed Fiunamek's ghost (journeyman HOFi)
 17723 | Lair:3   | Reached skill level 10 in Fighting
 17723 | Lair:3   | Reached skill level 11 in Long Blades
 17723 | Lair:3   | Reached skill level 10 in Dodging
 18457 | Lair:4   | Found a staircase to the Slime Pits.
 18650 | Lair:4   | HP: 3/103 [skyshark (21)]
 19139 | Elf:1    | Entered Level 1 of the Elven Halls
 19464 | Orc:2    | Reached XP level 14. HP: 107/110 MP: 26/28
 19479 | Orc:2    | Reached skill level 10 in Invocations
 19491 | Orc:2    | Noticed an orc warlord
 19509 | Orc:2    | Killed an orc warlord
 19558 | Orc:2    | Found Wenief's Antique Armour Shoppe.
 19558 | Orc:2    | Found Moonaj's Antique Weapon Shoppe.
 19560 | Orc:2    | Found Ynomni's General Store.
 19560 | Orc:2    | Found Omataysch's Jewellery Emporium.
 19602 | Orc:2    | Bought a scroll of enchant weapon for 97 gold pieces
 19602 | Orc:2    | Bought a scroll of blinking for 97 gold pieces
 19615 | Orc:2    | Bought a shiny chain mail for 232 gold pieces
 19615 | Orc:2    | Bought a runed chain mail for 232 gold pieces
 19615 | Orc:2    | Bought a bloodstained scarf for 310 gold pieces
 19615 | Orc:2    | Identified the scarf of Brilliance {repulsion, -Tele Int+6}
                  | (You bought it in a shop on level 2 of the Orcish Mines)
 20613 | Lair:5   | Entered Level 5 of the Lair of Beasts
 21624 | D:12     | Found Deisupt's Jewellery Boutique.
 21685 | D:12     | HP: 2/111 [freezing wraith[a death knight] (10)]
 21685 | D:12     | Mangled by a freezing wraith

Illustrated notes

Levels and vault maps discovered:
D:1:      grunt_arrival_lava_bath, layout_loops_ring, minivault_25
D:2:      layout_loops_ring, serial_shops, nicolae_shop_bloodbath_and_beyond,
          basic_altar, uniq_natasha
D:3:      layout_basic, marbit_many_paths, mainiacjoe_overflow_chevrons,
          minmay_ruptured
D:4:      layout_basic, elyvilon_altar_5
D:5:      layout_rooms, mainiacjoe_overflow_large_starburst,
          minmay_temple_entry_butterflies, roderic_lattice_a
D:6:      layout_cave_pools, mainiacjoe_overflow_concentric_impassable,
          nicolae_hepliaklqana_monster_ancestors, minivault_23, uniq_sigmund
D:7:      layout_basic
D:8:      layout_basic, serial_glass, glass_columns_a, glass_columns_a,
          feat_on_display, due_unseen_surprise, item_on_display_a, serial_shops,
          nicolae_shop_advertising_works [nicolae_subvault_shop_adworks]
D:9:      layout_roguey, hex_large
D:10:     minmay_twisted_water, layout_loops_ring, hangedman_ru_absence,
          serial_shops, shop_fountains, minmay_pinched_square
D:11:     wander_river, layout_rooms, kennysheep_orc_monster_closet_entryway,
          serial_rivers, chequers_serial_rivers_small_b,
          chequers_serial_rivers_micro_c, chequers_serial_rivers_micro_b,
          chequers_serial_rivers_micro_c
D:12:     minmay_mutant_horseshoe, layout_loops_cross, serial_shops,
          nicolae_shop_mannequins, shop, nicolae_shop_trees,
          nicolae_diamond_shop, enter_trove_2
Temple:   eino_temple_lava
Lair:1:   layout_cellular_growth, chequers_serial_rivers_marsh
Lair:2:   layout_long_grid, spider_nest_entry_web_field, uniq_nergalle,
          uniq_urug, uniq_fannar
Lair:3:   layout_cave_pods, nicolae_shoals_entry_flooding,
          gammafunk_ghost_cemetery, minmay_shattered_shrine
Lair:4:   layout_regular_city, minmay_slime_entry_oklob_open, enter_volcano_2
Lair:5:   minmay_lair_end_enchanted_forest, layout_gridlike,
          gauntlet_entry_generic, grunt_megastairs_3
Orc:1:    layout_caves
Orc:2:    st_orc_congregation, layout_diamond_mine,
          nicolae_orc_sculptors_studio, uniq_sonja
Elf:1:    elf_arrival_002, layout_loops_cross, serial_shops, shop,
          minmay_elf_necromancy

Skill      XL: |  1  2  3  4  5  6  7  8  9 10 11 12 13 14 |
---------------+-------------------------------------------+-----
Spellcasting   | 5 6 7 8 9 10 | 10.8
Invocations    | 1 2 3 4 5 6 7 8 9 10 | 10.5
Short Blades   | 1 2 3 5 6 7 8 9 |  9.6
Axes           | 1 2 3 5 6 7 8 9 |  9.6
Maces & Flails | 1 2 3 5 6 7 8 9 |  9.6
Polearms       | 1 2 3 5 6 7 8 9 |  9.6
Staves         | 1 2 3 5 6 7 8 9 |  9.6
Ranged Weapons | 1 2 3 5 6 7 8 9 |  9.6
Throwing       | 1 2 3 5 6 7 8 9 |  9.6
Armour         | 1 2 3 5 6 7 8 9 |  9.6
Stealth        | 1 2 3 5 6 7 8 9 |  9.6
Shields        | 1 2 3 5 6 7 8 9 |  9.6
Unarmed Combat | 1 2 3 5 6 7 8 9 |  9.6
Evocations     | 1 2 3 5 6 7 8 9 |  9.6
Hexes          | 1 2 3 4 5 6 7 8 |  8.0
Summonings     | 1 2 3 4 5 6 7 8 |  8.0
Necromancy     | 1 2 3 4 5 6 7 8 |  8.0
Translocations | 1 2 3 4 5 6 7 8 |  8.0
Transmutations | 1 2 3 4 5 6 7 8 |  8.0
Fire Magic     | 1 2 3 4 5 6 7 8 |  8.0
Ice Magic      | 1 2 3 4 5 6 7 8 |  8.0
Air Magic      | 1 2 3 4 5 6 7 8 |  8.0
Earth Magic    | 1 2 3 4 5 6 7 8 |  8.0
Poison Magic   | 1 2 3 4 5 6 7 8 |  8.0
Fighting       | 5 6 7 8 9 10 | 10.7
Dodging        | 5 6 7 8 9 10 | 10.7
Long Blades    | 7 8 9 10 11 | 11.6
Conjurations   | 6 7 8 9 |  9.8

Action                     |  1- 3 |  4- 6 |  7- 9 | 10-12 | 13-15 || total
---------------------------+-------+-------+-------+-------+-------++-------
  Melee: Falchion          |    13 |       |       |       |       ||    13
         Double sword      |    78 |   154 |   359 |   690 |   602 ||  1883
         Bite              |     6 |     6 |    46 |    99 |    80 ||   237
         Punch             |       |     2 |       |       |       ||     2
         Morningstar       |       |       |    14 |       |    32 ||    46
   Cast: Mephitic Cloud    |       |       |       |    15 |    12 ||    27
         Summon Lightning  |       |       |       |     5 |    10 ||    15
         Call Imp          |       |       |       |     2 |     4 ||     6
         Summon Forest     |       |       |       |       |     1 ||     1
 Invoke: Potion Petition   |       |       |       |     1 |     1 ||     2
  Evoke: Wand              |       |       |     6 |    29 |    12 ||    47
         Box of beasts     |       |       |       |     1 |       ||     1
    Use: Scroll            |     7 |     4 |    14 |     8 |    10 ||    43
         Potion            |       |     3 |     7 |    10 |     9 ||    29
   Stab: Sleeping          |     1 |     3 |     2 |    10 |    11 ||    27
         Distracted        |       |       |     2 |     7 |     5 ||    14
         Confused          |       |       |       |     9 |    19 ||    28
         Invisible         |       |       |       |     1 |       ||     1
         Petrified         |       |       |       |       |     3 ||     3
 Armour: Leather armour    |    31 |    48 |       |       |       ||    79
         Chain mail        |       |     9 |       |       |       ||     9
         Ring mail         |       |     1 |    41 |       |       ||    42
         Swamp dragon scal |       |       |   129 |   282 |   240 ||   651
  Dodge: Dodged            |    59 |    83 |   255 |   402 |   385 ||  1184
         Repelled          |       |       |       |     3 |     1 ||     4
  Block: Buckler           |       |       |   100 |   245 |   267 ||   612
